 Dungeon Crawl Stone Soup version 0.32-a0-818-gb728d0252e (webtiles) character file.

Game seed: 4663767809449876669

558258 gimp the Sorcerer (level 26, -6/222 HPs)
             Began as a Barachi Earth Elementalist on Mar 23, 2024.
             Was the Champion of Vehumet.
             Shot with a bolt by a demonspawn warmonger (28 damage)
             ... in Pandemonium.
             The game lasted 03:07:03 (66574 turns).

gimp the Sorcerer (Barachi Earth Elementalist)     Turns: 66574, Time: 03:07:03

Health: -6/222     AC: 14    Str: 13    XL:     26   Next: 55%
Magic:  38/51      EV: 22    Int: 21    God:    Vehumet [******]
Gold:   6284       SH:  0    Dex: 14    Spells: 5/73 levels left

rFire   + + .        b - +0 war axe of the Five Xenophobes {flame, Will++}
rCold   + + .        J - crystal ball of Wucad Mu {*channel}
rNeg    + + +        y - +2 robe {rC+ rF+}
rPois   +            D - +0 helmet of the Centaur {rC+ rN+}
rElec   +            z - +2 cloak {Will+}
rCorr   +            n - +2 pair of gloves
SInv    .            g - +2 pair of boots
Will    ++++.        I - amulet of magic regeneration
Stlth   +            G - ring of Qaseeras {^Contam rElec rPois rN+++}
HPRegen 0.57/turn    r - ring of Jeleduas {rF+ rCorr}
MPRegen 0.72/turn

%: channel magic (40%)
@: magic-sapped, unable to cast spells, unable to hop, contaminated, glowing,
studying Maces & Flails, slow
A: amphibious, slowness 1, strong legs 2, +LOS, hooves 1, dopey 1, MP-powered
wands
}: 3/15 runes: decaying, serpentine, slimy
a: Hop, Renounce Religion


You were in Pandemonium.
You worshipped Vehumet.
Vehumet was exalted by your worship.
You visited 11 branches of the dungeon, and saw 52 of its levels.
You visited Pandemonium 1 time, and saw 1 of its levels.
You visited 1 bazaar.
You also visited: Sewer, Ice Cave, Wizlab and Desolation.

You collected 8532 gold pieces.
You spent 2248 gold pieces at shops.

Inventory:

Hand Weapons
 b - the +0 war axe of the Five Xenophobes (weapon) {flame, Will++}
   (You found it on level 1 of the Snake Pit)

   Will++:    It greatly increases your willpower.
Missiles
 P - 4 throwing nets
 S - 19 curare-tipped darts
Armour
 g - a +2 pair of boots (worn)
 n - a +2 pair of gloves (worn)
 p - the +0 cloak of the Thief {Quiet Slay-3 SInv Stlth+}
   (You found it on level 3 of the Depths)

   Quiet:     All noise in your surroundings is dampened.
   Slay-3:    It affects your accuracy & damage with ranged weapons and melee
   (-3).
   SInv:      It lets you see invisible.
   Stlth+:    It makes you more stealthy.
 y - a +2 robe of resistance (worn)
 z - a +2 cloak of willpower (worn)
 D - the +0 helmet of the Centaur (worn) {rC+ rN+}
   (You found it in a wizard's laboratory)

   rC+:       It protects you from cold.
   rN+:       It protects you from negative energy.
 J - the crystal ball of Wucad Mu (worn) {*channel}
   (You found it in a wizard's laboratory)

   *Channel:  It often returns the magic spent to cast spells, but lowers their
   success rate.
   It always returns the magic spent on miscasts.
 L - the +4 robe "Xuvvad" {Dex+6}
   (You took it off Boris on level 1 of the Vaults)

   Dex+6:     It affects your dexterity (+6).
Magical Staves
 a - a staff of cold
 c - a staff of earth
Jewellery
 i - a ring of flight
 k - a ring of willpower
 r - the ring of Jeleduas (right hand) {rF+ rCorr}
   (You took it off an imperial myrmidon in the Desolation of Salt)

   [ring of resist corrosion]

   rF+:       It protects you from fire.
   rCorr:     It protects you from acid and corrosion.
 G - the ring of Qaseeras (left hand) {^Contam rElec rPois rN+++}
   (You took it off a servant of whispers in the Desolation of Salt)

   [ring of poison resistance]

   rElec:     It insulates you from electricity.
   rPois:     It protects you from poison.
   rN+++:     It renders you almost immune to negative energy.
   ^Contam:   It causes magical contamination when unequipped.
 I - an amulet of magic regeneration (around neck)
 O - the ring of Fahyaciz {rN+ SInv}
   (You found it in the Desolation of Salt)

   [ring of positive energy]

   rN+:       It protects you from negative energy.
   SInv:      It lets you see invisible.
Wands
 w - a wand of digging (1)
 H - a wand of roots (85)
 N - a wand of acid (22)
 R - a wand of flame (126)
Scrolls
 h - 19 scrolls of teleportation
 m - 6 scrolls of fear
 v - 7 scrolls of amnesia
 E - 3 scrolls of enchant armour
 F - 6 scrolls of revelation
 M - 9 scrolls of blinking
 Q - 5 scrolls of poison
 T - a scroll of summoning
 W - 7 scrolls of fog
Potions
 e - 10 potions of enlightenment
 f - 6 potions of heal wounds
 j - 14 potions of brilliance
 o - 4 potions of cancellation
 q - 4 potions of invisibility
 t - 3 potions of magic
 u - 3 potions of haste
 x - 12 potions of curing
 B - 14 potions of mutation
 K - 12 potions of ambrosia
 U - 7 potions of resistance
Miscellaneous
 d - a phantom mirror
 l - a phial of floods
 s - a box of beasts
 C - a lightning rod (4/4)
 X - a condenser vane (inert)


   Skills:
 - Level 21.0 Fighting
 + Level 21.0 Dodging
 - Level 1.7 Stealth
 - Level 24.0 Spellcasting
 - Level 12.0 Conjurations
 - Level 24.0 Ice Magic
 - Level 5.0 Air Magic
 * Level 22.5 Earth Magic
 - Level 5.0 Alchemy


You had 5 spell levels left.
You knew the following spells:

 Your Spells              Type           Power      Damage    Failure   Level
a - Lehudib's Crystal Sp  Conj/Erth      39%        10d10     6%          8
b - Permafrost Eruption   Ice/Erth       44%        2x4d13    1%          6
c - Passwall              Erth           88%        N/A       1%          3
d - Shatter               Erth           44%        3d34*     10%         9
e - Bombard               Conj/Erth      39%        9d7       1%          6
f - Ozocubu's Refrigerat  Ice            45%        4d17      1%          7
g - Stone Arrow           Conj/Erth      100%       3d13      1%          3
h - Irradiate             Conj/Alch      28%        3d21      1%          5
i - Polar Vortex          Ice            45%        12d6*     6%          9
j - Iskenderun's Mystic   Conj/Tloc      50%        2d11      1%          4
k - Blink                 Tloc           50%        N/A       9%          2
l - Apportation           Tloc           50%        N/A       7%          1
m - Borgnjor's Vile Clut  Necr/Erth      32%        N/A       3%          5

Your spell library contained the following spells:

 Spells                   Type           Power      Damage    Failure   Level
 Foxfire                  Conj/Fire      100%       2x1d9     1%          1
 Freeze                   Ice            100%       1d10      1%          1
 Magic Dart               Conj           100%       1d8       1%          1
 Sandblast                Erth           100%       2d20      1%          1
 Shock                    Conj/Air       100%       1d9       1%          1
 Sting                    Conj/Alch      100%       1d9       1%          1
 Ensorcelled Hibernation  Hex/Ice        100%       N/A       1%          2
 Mercury Vapours          Alch/Air       92%        N/A       1%          2
 Momentum Strike          Conj/Tloc      100%       3d10      1%          2
 Searing Ray              Conj           100%       2d8       1%          2
 Static Discharge         Conj/Air       100%       3-8/arc   1%          2
 Dazzling Flash           Conj/Hex       100%       N/A       1%          3
 Frozen Ramparts          Ice            100%       1d16      1%          3
 Hailstorm                Conj/Ice       79%        3d13      1%          3
 Mephitic Cloud           Conj/Alch/Air  54%        N/A       1%          3
 Ozocubu's Armour         Ice            90%        N/A       1%          3
 Summon Ice Beast         Ice/Summ       66%        N/A       1%          3
 Animate Armour           Summ/Erth      100%       N/A       1%          4
 Brom's Barrelling Bould  Conj/Erth      78%        2d9       1%          4
 Flame Wave               Conj/Fire      50%        2d12      1%          4
 Fulminant Prism          Conj/Alch      28%        3d14      1%          4
 Petrify                  Alch/Erth      70%        N/A       1%          4
 Arcjolt                  Conj/Air       28%        1d38      1%          5
 Freezing Cloud           Conj/Ice/Air   35%        6-21      1%          5
 Iskenderun's Battlesphe  Conj           66%        2d12      1%          5
 Scorch                   Fire           50%        2d7       2%          2
 Airstrike                Air            23%        2d(4-20)  2%          4
 Olgreb's Toxic Radiance  Alch           46%        N/A       2%          4
 Swiftness                Air            46%        N/A       3%          3
 Fireball                 Conj/Fire      25%        3d11      3%          5
 Cigotuvi's Dreadful Rot  Necr/Alch/Air  78%        N/A       4%          2
 Inner Flame              Hex/Fire       25%        N/A       4%          3
 Volatile Blastmotes      Fire/Tloc      50%        2d14      4%          3
 Sticky Flame             Fire/Alch      35%        2d7       4%          4
 Necrotise                Necr           100%       1d9       7%          1
 Summon Small Mammal      Summ           100%       N/A       7%          1
 Call Imp                 Summ           50%        N/A       9%          2
 Jinxbite                 Hex            50%        N/A       9%          2
 Lesser Beckoning         Tloc           50%        N/A       9%          2
 Sublimation of Blood     Necr           25%        N/A       9%          2
 Yara's Violent Unravell  Hex/Alch       17%        3d8       10%         5
 Call Canine Familiar     Summ           25%        N/A       14%         3
 Fugue of the Fallen      Necr           25%        N/A       14%         3
 Gell's Gravitas          Tloc           25%        N/A       14%         3
 Sigil of Binding         Hex            25%        N/A       14%         3
 Teleport Other           Tloc           25%        N/A       14%         3
 Tukima's Dance           Hex            25%        N/A       14%         3
 Vampiric Draining        Necr           25%        2d7       14%         3
 Summon Lightning Spire   Summ/Air       35%        N/A       16%         4
 Vhi's Electric Charge    Tloc/Air       70%        N/A       16%         4
 Alistair's Intoxication  Alch           30%        N/A       16%         5
 Anguish                  Hex/Necr       12%        N/A       34%         4
 Animate Dead             Necr           25%        N/A       34%         4
 Cause Fear               Hex            12%        N/A       34%         4
 Dimensional Bullseye     Hex/Tloc       12%        N/A       34%         4
 Dispel Undead            Necr           25%        3d12      34%         4
 Manifold Assault         Tloc           25%        N/A       34%         4
 Martyr's Knell           Necr/Summ      25%        N/A       34%         4
 Summon Blazeheart Golem  Fire/Summ      25%        N/A       34%         4
 Silence                  Hex/Air        17%        N/A       34%         5
 Curse of Agony           Necr           25%        N/A       61%         5
 Summon Forest            Summ/Tloc      12%        N/A       61%         5
 Sculpt Simulacrum        Ice/Alch       36%        N/A       4%          6
 Conjure Ball Lightning   Conj/Air       28%        3x3d8     5%          6
 Orb of Destruction       Conj           33%        9d10      7%          7
 Starburst                Conj/Fire      25%        6d8       12%         6
 Eringya's Noxious Bog    Alch           23%        4d6       16%         6
 Plasma Beam              Fire/Air       17%        2x1d29    34%         6
 Spellforged Servitor     Conj/Summ      25%        N/A       41%         7
 Summon Cactus Giant      Summ           12%        N/A       98%         6
 Enfeeble                 Hex            12%        N/A       100%        7
 Haunt                    Necr/Summ      12%        N/A       100%        7
 Malign Gateway           Summ/Tloc      12%        N/A       100%        7
 Summon Hydra             Summ           12%        N/A       100%        7
 Borgnjor's Revivificati  Necr           12%        N/A       100%        8
 Discord                  Hex            12%        N/A       100%        8
 Disjunction              Tloc           12%        N/A       100%        8
 Ignition                 Fire           12%        3d6       100%        8
 Infestation              Necr           12%        N/A       100%        8
 Chain Lightning          Conj/Air       28%        3d38      100%        9
 Death's Door             Necr           12%        N/A       100%        9
 Dragon's Call            Summ           12%        N/A       100%        9
 Fire Storm               Conj/Fire      25%        8d6       100%        9


Dungeon Overview and Level Annotations

Branches:
Dungeon (15/15)            Temple (1/1) D:4            Lair (5/5) D:11
  Swamp (4/4) Lair:3        Snake (4/4) Lair:2        Slime (5/5) Lair:4
    Orc (2/2) D:9             Elf (3/3) Orc:2        Vaults (4/5) D:14
  Crypt (0/3) Vaults:2     Depths (4/4) D:15            Zot (5/5) Depths:4
  Sewer (visited)           IceCv (visited)          WizLab (visited)
Desolation (visited)

Altars:
Ashenzari
Cheibriados
Dithmenos
Elyvilon
Fedhas
Gozag
Hepliaklqana
Kikubaaqudgha
Makhleb
Nemelex Xobeh
Okawaru
Qazlal
Ru
Sif Muna
Trog
Uskayaw
Vehumet
Wu Jian
Xom
Yredelemnul
Zin
The Shining One
Beogh
Jiyva

Shops:
D:14 *?   Orc:1 **   Orc:2 [[[   Snake:4 ?   Depths:1 (:=:*

Portals:
Hell: Depths:1 Depths:2 Depths:3 Depths:4
Abyss: Depths:3
Pandemonium: Depths:2
Ziggurat: Depths:4

Annotations:
Snake:2 Roxanne
Elf:2 3 runed translucent doors, exclusion: 3 doors
Zot:2 4 transporters
Zot:5 1 exclusion


Innate Abilities, Weirdness & Mutations

You are amphibious.
You cover ground slowly.
You can hop long distances.
You have an extended range of vision and can be seen from far away.
You have large cloven feet.
You are dopey. (Int -2)
You expend magic power (3 MP) to strengthen your wands.


Message History

Ka-crash!
You hear a shout! x2; You hear a screech!
The demonspawn warmonger hits you from afar with a +0 demon trident of venom!!
* * * LOW HITPOINT WARNING * * *
The demonspawn warmonger hits you from afar with a +0 demon trident of venom.
* * * LOW HITPOINT WARNING * * *
Found a scroll of blinking.
You take 38 damage, and have 10/222 hp.
You now have 34/51 mp.
Press: ? - help, v - describe, . - travel
Here: a demonspawn warmonger, wielding a +0 demon trident of venom, wearing a +0 plate armour and wearing a +1 tower shield of protection (heavily wounded, fast)
The floor, spattered with blood.
Unknown command.
You feel much better.
The demonspawn warmonger hits you from afar with a +0 demon trident of venom.
* * * LOW HITPOINT WARNING * * *
The demonspawn warmonger unwields a +2 great mace of protection.
The demonspawn warmonger wields a +5 arbalest.
The demonspawn warmonger shoots a bolt.
The bolt completely misses you.
You regained 21 hp, and now have 31/222 hp.
Okay, then.
Casting: Shatter (dangerous; 10% risk of failure)
Confirm with . or Enter, or press ? or * to list all spells.
Okay, then.
Casting: Shatter (dangerous; 10% risk of failure)
Confirm with . or Enter, or press ? or * to list all spells.
Okay, then.
You feel much better.
The demonspawn warmonger hits you with a +0 demon trident of venom!
* * * LOW HITPOINT WARNING * * *
The demonspawn warmonger claws you.
* * * LOW HITPOINT WARNING * * *
The demonspawn warmonger gores you!
* * * LOW HITPOINT WARNING * * *
You regained 9 hp, and now have 40/222 hp.
You feel much better.
The demonspawn warmonger completely misses you.
The demonspawn warmonger claws you.
* * * LOW HITPOINT WARNING * * *
The demonspawn warmonger misses you.
You regained 19 hp, and now have 59/222 hp.
Casting: Shatter (dangerous; 10% risk of failure)
Confirm with . or Enter, or press ? or * to list all spells.
You erupt in a fountain of uncontrolled magic!
The demonspawn warmonger is blasted with magical radiation!
The demonspawn warmonger is lightly wounded.
The demonspawn warmonger is blasted with magical radiation!!
The demonspawn warmonger is severely wounded.
The demonspawn warmonger twists and deforms.
You are lightly contaminated with residual magic.
The demonspawn warmonger invokes the aid of its god against you.
Your magic feels tainted.
The demonspawn warmonger closely misses you.
The demonspawn warmonger claws you but does no damage.
The demonspawn warmonger gores you.
* * * LOW HITPOINT WARNING * * *
The demonspawn warmonger unwields a +5 arbalest.
The demonspawn warmonger wields a +2 great mace of protection.
The demonspawn warmonger hits you with a +2 great mace of protection!!
* * * LOW HITPOINT WARNING * * *
The demonspawn warmonger claws you but does no damage.
The demonspawn warmonger gores you but does no damage.
You take 36 damage, and have 23/222 hp.
You now have 33/51 mp.
Casting: Irradiate (mildly dangerous; 1% risk of failure)
Confirm with . or Enter, or press ? or * to list all spells.
You erupt in a fountain of uncontrolled magic!
The demonspawn warmonger is blasted with magical radiation!!
The demonspawn warmonger is heavily wounded.
The demonspawn warmonger is blasted with magical radiation!!
You kill the demonspawn warmonger!
Vehumet accepts your kill.
You feel your power returning.
You are contaminated with residual magic.
You lose access to your magic!
Magical energy flows into your mind!
The demonspawn warmonger invokes the aid of its god against you.
Your magic feels more tainted.
You regained 3 mp, and now have 36/51 mp.
You feel much better.
The demonspawn warmonger hits you with a +2 great mace of protection!!
* * * LOW HITPOINT WARNING * * *
The demonspawn warmonger completely misses you.
The demonspawn warmonger gores you but does no damage.
The demonspawn warmonger misses you. The demonspawn warmonger claws you.
* * * LOW HITPOINT WARNING * * *
The demonspawn warmonger gores you.
* * * LOW HITPOINT WARNING * * *
You take 8 damage, and have 16/222 hp.
You feel much better. The demonspawn warmonger misses you.
The demonspawn warmonger claws you!
* * * LOW HITPOINT WARNING * * *
The demonspawn warmonger barely misses you.
You regained 6 hp, and now have 22/222 hp.
You are unable to access your magic!
Okay, then.
Blink to where?
Press: ? - help, Dir - move target
As you read the scroll of blinking, it crumbles to dust.
The demonspawn warmonger unwields a +2 great mace of protection.
The demonspawn warmonger wields a +5 arbalest.
The demonspawn warmonger shoots a bolt.
The bolt hits you!!
You die...

## ###.######
.#...... ##..##..
###).....######.
##......#........
...#.#.....####
...........########
##.#.#..).......@.#
#.#...#6########.#
##..66.#....# .#
.....#.##.#.# .#
...#... .. # .#
..##.#. ?#. ..
.)..... .##. #.
..####. .. .. . ###
#. .# .# .#


You could see a demonspawn warmonger (fast).

Vanquished Creatures
  the Royal Jelly (Slime:5)
  2 dread liches
  A pandemonium lord (Pan)
  3 orbs of fire
  An ancient lich (Depths:3)
  Mara (Swamp:4)
  2 juggernauts (Depths:4)
  Boris (twice) (Vaults:1 Depths:4)
  Vv (Depths:2)
  3 curse toes
  Vashnia (Snake:2)
  Saint Roka (Snake:3)
  5 caustic shrikes
  Nikola (Swamp:1)
  20 golden dragons
  A bone dragon (Depths:4)
  3 doom hounds (Zot:3)
  An electric golem (Zot:2)
  5 liches
  Jorgrun (Snake:3)
  15 tentacled monstrosities
  Grunn (Zot:3)
  2 deep elf blademasters (Elf:3)
  A moon troll (WizLab)
  2 walking divine tomes
  3 quicksilver dragons
  2 deep elf master archers (Elf:3)
  A walking crystal tome (Depths:2)
  An Executioner (Pan)
  16 acid blobs
  4 sphinxes (Depths:2)
  7 tentacled starspawn (WizLab)
  3 death cobs
  Frances (D:12)
  2 thorn hunters (Swamp:4)
  11 storm dragons
  9 shadow dragons
  2 tengu reavers (Depths:3)
  2 demonspawn warmongers (Pan)
  Donald (Snake:2)
  A protean progenitor (Zot:2)
  2 draconian monks
  2 deep elf sorcerers (Elf:3)
  6 fire giants
  9 rockslimes
  6 draconian shifters
  2 draconian knights
  2 nagarajas (Snake:4)
  2 imperial myrmidons (Desolation)
  The ghost of dogverified the Metamorph, a journeyman DrSh of Ru (Swamp:2)
  5 azure jellies (Slime:5)
  9 vault wardens
  7 frost giants
  The ghost of jamsaran the Toxicologist, a journeyman DgAl (Swamp:2)
  7 deep elf elementalists
  The ghost of hikkokomori the Fetichist, a journeyman CoAl of Gozag (Swamp:2)
  2 draconian scorchers
  3 ghost moths
  A draconian stormcaller (Zot:3)
  A cacodemon (WizLab)
  2 orc warlords
  7 ironbound thunderhulks
  17 ironbound preservers
  A demonspawn blood saint (Pan)
  15 very ugly things
  18 stone giants
  9 spriggan defenders
  8 quicksilver oozes
  5 draconian annihilators
  A caustic shrike skeleton (Depths:1)
  6 formless jellyfish
  6 deep elf demonologists (Elf:3)
  6 bunyips
  13 deep elf death magi
  4 war gargoyles
  7 green draconians
  8 black draconians
  5 vampire knights
  10 purple draconians
  6 deep elf annihilators
  3 eleionomae (Swamp:2)
  10 dire elephants
  4 red draconians
  6 white draconians
  10 yellow draconians
  11 spark wasps
  A halazid warlock (Desolation)
  A blizzard demon (Depths:3)
  An entropy weaver (D:14)
  An entropy weaver (shapeshifter) (Elf:2)
  8 ettins
  2 spriggan zombies (Depths:2)
  4 jiangshi (Depths:2)
  A shambling mangrove (Swamp:4)
  5 crystal guardians
  7 yaktaur captains
  11 fire dragons
  14 great orbs of eyes
  10 ragged hierophants (Desolation)
  7 servants of whispers (Desolation)
  20 hydras
  Erolcha (D:9)
  4 rakshasas
  16 ice dragons
  3 salamander tyrants
  7 peacekeepers
  9 vault guards
  2 spriggan air magi
  8 alligators
  2 ghost crabs
  4 ironbound frosthearts
  7 anacondas
  3 catoblepae
  14 dancing weapons
  6 centaur warriors
  A boulder beetle (D:15)
  2 death knights
  3 two-headed ogres
  2 deep troll shamans
  8 death yaks (Lair:5)
  4 tengu warriors
  A sphinx skeleton (Vaults:2)
  13 naga warriors
  16 naga sharpshooters
  2 occultists
  5 shock serpents
  A sun demon (Pan)
  7 hell knights (Depths:3)
  4 deep troll earth magi
  4 vampire magi
  11 spriggan berserkers
  Sonja (D:11)
  Nergalle (Lair:1)
  A soul eater (Pan)
  3 spark wasp zombies (Depths:2)
  10 deep elf knights
  7 salamander mystics
  5 skysharks
  9 goliath frogs
  5 mana vipers
  3 iron trolls
  Lodul (D:12)
  3 bog bodies
  6 glowing orange brains (WizLab)
  A shadow demon (Pan)
  10 ironbound convokers
  10 arcanists
  5 spriggan druids
  9 swamp dragons
  40 deep trolls
  7 naga ritualists
  A swamp dragon (shapeshifter) (D:12)
  8 flayed ghosts
  5 phantasmal warriors
  A steelbarb worm (shapeshifter) (Elf:3)
  A harpy (Vaults:2)
  2 orange crystal statues
  6 starcursed masses (WizLab)
  A thermic dynamo (Elf:1)
  9 lindwurms
  10 deep elf archers
  7 orc knights
  25 deep elf pyromancers
  26 deep elf zephyrmancers
  4 necromancers
  A fire giant zombie (Depths:1)
  An orc sorcerer (Depths:3)
  A stone giant zombie (Vaults:2)
  6 cyclopes
  45 ugly things
  A will-o-the-wisp (Swamp:4)
  A faun (shapeshifter) (Depths:2)
  A salamander (shapeshifter) (Elf:3)
  15 salamanders
  28 moths of wrath
  4 shining eyes
  4 manticores
  A tengu skeleton (Vaults:2)
  3 kobold blastminers (Orc:2)
  18 vault sentinels
  6 meliai (D:13)
  32 black mambas
  10 elephants
  12 naga magi
  9 guardian serpents
  7 eyes of devastation
  A smoke demon (Pan)
  4 gargoyles
  2 torpor snails
  10 cane toads
  3 kobold demonologists
  2 unseen horrors
  2 hellions (Depths:2)
  Jeremiah (Lair:1)
  An orange demon (Pan)
  6 storm dragon simulacra (IceCv)
  18 komodo dragons
  32 yaktaurs
  3 efreet
  8 tengu conjurers
  2 rime drakes
  5 freezing wraiths
  6 golden dragon simulacra (IceCv)
  4 trolls
  8 polar bears
  A wolf spider simulacrum (D:15)
  4 bloated husks
  A queen bee (D:10)
  A tarantella (shapeshifter) (Depths:2)
  12 tyrant leeches
  10 hornets
  53 saltlings (Desolation)
  2 glass eyes
  17 dream sheep
  A raiju (shapeshifter) (D:14)
  12 blink frogs
  A stone giant simulacrum (Depths:1)
  59 slime creatures
  A human simulacrum (Vaults:2)
  12 spriggans
  A jumping spider (shapeshifter) (Depths:3)
  4 air elementals
  A vampire (D:11)
  3 wraiths
  4 wyverns
  4 water elementals
  3 shadows
  4 basilisks
  27 yaks
  A human (shapeshifter) (Elf:2)
  2 neqoxecs (WizLab)
  A basilisk (shapeshifter) (D:15)
  5 fire elementals
  2 steam dragons
  13 vampire mosquitoes
  Menkaure (D:4)
  54 nagas
  A chaos spawn (Pan)
  14 swamp worms
  Edmund (D:4)
  2 acid dragons
  8 water moccasins
  A hell hound (Swamp:4)
  6 ice dragon simulacra (IceCv)
  A glowing shapeshifter skeleton (Vaults:2)
  9 swamp drakes
  Pargi (Sewer)
  5 ice beasts
  28 orc warriors
  2 laughing skulls (D:14)
  5 black bears
  9 wolves
  11 centaurs
  11 ogres
  2 phantoms
  A weeping skull (D:4)
  A brain worm (shapeshifter) (D:8)
  6 kobold brigands
  A brain worm (Sewer)
  8 bullfrogs
  2 earth elementals
  4 scorpions
  3 wights (D:10)
  38 killer bees
  3 lindwurm simulacra (IceCv)
  2 bombardier beetles (D:4)
  A gnoll bouda (D:4)
  2 hounds
  8 orc priests
  A sleepcap (D:6)
  Ijyb (D:3)
  Natasha (thrice) (D:4)
  2 iguanas
  14 orc wizards
  Robin (D:4)
  7 gnolls
  7 adders
  2 white imps
  2 ufetubi (D:6)
  A ribbon worm (D:4)
  2 dart slugs
  40 orcs
  5 endoplasms
  5 giant cockroaches
  9 goblins
  14 hobgoblins
  8 jackals
  21 kobolds
  4 quokkas
  13 ball pythons
  6 bats
  5 frilled lizards
  3 rats
  A spectral orc (D:4)
  6 starspawn tentacles (WizLab)
1937 creatures vanquished.

Vanquished Creatures (collateral kills)
  4 killer bees
4 creatures vanquished.

Vanquished Creatures (others)
  A sun demon (Pan)
  2 killer bees (D:10)
  A butterfly (Depths:2)
  8 starspawn tentacles (WizLab)
12 creatures vanquished.

Grand Total: 1953 creatures vanquished

Notes
Turn   | Place    | Note
-------+----------+-------------------------------------------
     0 | D:1      | gimp the Barachi Earth Elementalist began the quest for the
                  | Orb.
     0 | D:1      | Reached XP level 1. HP: 13/13 MP: 3/3
   130 | D:1      | Reached XP level 2. HP: 19/19 MP: 3/5
   536 | D:1      | Reached XP level 3. HP: 23/24 MP: 2/6
  1115 | D:2      | Reached XP level 4. HP: 30/30 MP: 5/8
  1504 | D:2      | Learned a level 3 spell: Stone Arrow
  1523 | D:2      | Found a shimmering altar of Xom.
  1710 | D:2      | Learned a level 3 spell: Passwall
  1878 | D:3      | Reached XP level 5. HP: 32/35 MP: 4/9
  1885 | D:3      | Found a glowing drain.
  1898 | Sewer    | Entered a sewer
  2032 | Sewer    | Noticed Pargi
  2053 | Sewer    | Killed Pargi
  2054 | Sewer    | Reached XP level 6. HP: 41/41 MP: 3/11
  2226 | D:3      | HP: 1/41 [orc/+0 dagger (3)]
  2495 | D:3      | Found a snail-covered altar of Cheibriados.
  2655 | D:3      | Reached skill level 5 in Conjurations
  2925 | D:4      | Noticed Edmund
  3139 | D:4      | Noticed Ijyb
  3139 | D:4      | Noticed Robin
  3162 | D:3      | Killed Ijyb
  3163 | D:3      | Reached XP level 7. HP: 15/46 MP: 1/13
  3326 | D:4      | Killed Robin
  3373 | D:4      | Found a staircase to the Ecumenical Temple.
  3375 | D:4      | Noticed Menkaure
  3381 | D:4      | Killed Menkaure
  3388 | Temple   | Entered the Ecumenical Temple
  3401 | Temple   | Became a worshipper of Vehumet
  3909 | D:4      | Killed Edmund
  3910 | D:4      | Reached skill level 5 in Earth Magic
  4048 | D:4      | Noticed Natasha
  4137 | D:4      | Killed Natasha
  4271 | D:4      | Noticed Natasha
  4274 | D:4      | Killed Natasha
  4336 | D:4      | Noticed a steam dragon
  4349 | D:4      | Reached XP level 8. HP: 52/52 MP: 11/15
  4426 | D:4      | Reached skill level 5 in Spellcasting
  4625 | D:4      | Reached * piety under Vehumet
  4625 | D:4      | Offered knowledge of Foxfire by Vehumet.
  4805 | D:4      | Noticed Natasha
  4859 | D:4      | Found a broken altar of Ashenzari.
  4912 | D:4      | Found a basalt altar of Yredelemnul.
  5080 | D:4      | Killed Natasha
  5155 | D:5      | Entered Level 5 of the Dungeon
  5275 | D:5      | Found a shimmering blue altar of Sif Muna.
  5868 | D:5      | Learned a level 3 spell: Mephitic Cloud
  6059 | D:5      | Found a bloodstained altar of Trog.
  6263 | D:5      | Reached XP level 9. HP: 57/57 MP: 17/21
  6268 | D:5      | Reached skill level 1 in Air Magic
  6268 | D:5      | Reached skill level 1 in Alchemy
  6773 | D:6      | Found a glowing silver altar of Zin.
  8088 | D:7      | Reached XP level 10. HP: 54/63 MP: 8/23
  8476 | D:6      | Reached skill level 10 in Spellcasting
  8783 | D:8      | Offered knowledge of Shock by Vehumet.
  8784 | D:8      | Reached ** piety under Vehumet
  9056 | D:8      | Noticed a two-headed ogre
  9062 | D:8      | Killed a two-headed ogre
  9063 | D:8      | Reached skill level 5 in Air Magic
  9063 | D:8      | Reached skill level 5 in Alchemy
  9299 | D:8      | Identified the +1 chain mail of Lenon {Rampage Will++
                  | Str-5}
  9404 | D:9      | Noticed a two-headed ogre
  9417 | D:9      | Killed a two-headed ogre
  9571 | D:9      | Found a staircase to the Orcish Mines.
  9581 | D:9      | Offered knowledge of Frozen Ramparts by Vehumet.
  9896 | D:9      | Reached XP level 11. HP: 43/68 MP: 14/26
 10349 | D:9      | Noticed Erolcha
 10359 | D:9      | Killed Erolcha
 10360 | D:9      | Reached skill level 10 in Conjurations
 10516 | D:10     | Entered Level 10 of the Dungeon
 10843 | D:10     | Reached *** piety under Vehumet
 11123 | D:10     | Offered knowledge of Airstrike by Vehumet.
 11554 | D:10     | Found a sacrificial altar of Ru.
 12287 | D:11     | Found a staircase to the Lair.
 12680 | D:11     | Noticed Sonja
 12684 | D:11     | Killed Sonja
 12685 | D:11     | Reached XP level 12. HP: 74/74 MP: 19/29
 13013 | D:11     | Learned a level 5 spell: Freezing Cloud
 13088 | Lair:1   | Entered Level 1 of the Lair of Beasts
 13172 | Lair:1   | Noticed Nergalle
 13181 | Lair:1   | Killed Nergalle
 13547 | Lair:1   | Noticed Jeremiah
 13554 | Lair:1   | Killed Jeremiah
 14513 | Lair:2   | Found a staircase to the Snake Pit.
 14578 | Lair:2   | Reached skill level 1 in Fighting
 14700 | Lair:2   | Reached **** piety under Vehumet
 14886 | Lair:2   | Offered knowledge of Inner Flame by Vehumet.
 14901 | Lair:2   | Reached skill level 15 in Spellcasting
 15210 | Lair:2   | Reached skill level 5 in Fighting
 15472 | Lair:2   | Identified a scroll of acquirement
 15520 | Lair:2   | Reached skill level 1 in Ice Magic
 15758 | Lair:2   | Acquired a staff of alchemy
 16035 | Lair:3   | Gained mutation: You can hop long distances. [Barachi
                  | growth]
 16035 | Lair:3   | Reached XP level 13. HP: 96/96 MP: 25/32
 16173 | Lair:3   | Identified the +2 leather armour of Foolhardiness {rC+}
 16241 | Lair:3   | Found a staircase to the Swamp.
 16969 | Lair:4   | Reached skill level 5 in Dodging
 17141 | Lair:4   | Found a viscous altar of Jiyva.
 17142 | Lair:4   | Found a staircase to the Slime Pits.
 17161 | Lair:4   | Reached skill level 5 in Ice Magic
 17166 | Lair:4   | Reached ***** piety under Vehumet
 17347 | Lair:4   | Offered knowledge of Ozocubu's Refrigeration by Vehumet.
 17365 | Lair:4   | Learned a level 7 spell: Ozocubu's Refrigeration
 17894 | Lair:4   | Identified the +3 scale mail "Wigush" {rF+ Slay+3 SInv}
 18052 | Lair:5   | Entered Level 5 of the Lair of Beasts
 18520 | Lair:5   | Reached XP level 14. HP: 79/103 MP: 12/35
 20375 | Orc:1    | Entered Level 1 of the Orcish Mines
 20623 | Orc:1    | Found Tuor's Specific Store.
 20626 | Orc:1    | Found Axzoubim's General Store.
 20632 | Orc:1    | Bought a scroll of identify for 30 gold pieces
 20641 | Orc:1    | Bought a scroll of revelation for 112 gold pieces
 20743 | Orc:2    | Entered Level 2 of the Orcish Mines
 20778 | Orc:2    | Found a staircase to the Elven Halls.
 21070 | Orc:2    | Found a roughly hewn altar of Beogh.
 21196 | Orc:2    | Offered knowledge of Iskenderun's Battlesphere by Vehumet.
 22017 | Orc:2    | Found Wipp's Distillery.
 22017 | Orc:2    | Found Sicopt's Antique Armour Emporium.
 22018 | Orc:2    | Found Diekkiops's Antique Armour Boutique.
 22022 | Orc:2    | Found Exataly's Armour Shop.
 22036 | Orc:2    | Bought a pair of glowing boots for 217 gold pieces
 22043 | Orc:2    | Bought the +2 robe "Acuonkurr" {rElec rC+ Will+ Str-5} for
                  | 402 gold pieces
 22325 | D:12     | Noticed Lodul
 22329 | D:12     | Killed Lodul
 22683 | D:12     | Noticed Frances
 22698 | D:12     | Killed Frances
 22882 | D:12     | Reached XP level 15. HP: 106/108 MP: 16/37
 23913 | D:13     | Reached skill level 10 in Ice Magic
 24140 | D:14     | Found Feotauh's Magic Scroll Boutique.
 24145 | D:14     | Bought a scroll of revelation for 105 gold pieces
 24337 | D:14     | Reached skill level 10 in Dodging
 24971 | D:14     | Found Viapp's Overcharged Wands.
 24988 | D:14     | Found a gate to the Vaults.
 25318 | D:15     | Entered Level 15 of the Dungeon
 25522 | D:15     | Found a glowing golden altar of the Shining One.
 25806 | D:15     | Offered knowledge of Permafrost Eruption by Vehumet.
 26672 | D:15     | Found a staircase to the Depths.
 26738 | D:15     | Learned a level 6 spell: Permafrost Eruption
 26920 | Swamp:1  | Entered Level 1 of the Swamp
 27028 | Swamp:1  | Noticed Nikola
 27130 | Swamp:1  | Killed Nikola
 27413 | Swamp:1  | Reached XP level 16. HP: 115/115 MP: 33/39
 28496 | Swamp:2  | Found a runed translucent gate.
 28497 | Swamp:2  | Found a runed translucent gate.
 28498 | Swamp:2  | Found a runed translucent gate.
 28499 | Swamp:2  | Noticed dogverified's ghost (journeyman DrSh)
 28500 | Swamp:2  | Noticed hikkokomori's ghost (journeyman CoAl)
 28500 | Swamp:2  | Noticed jamsaran's ghost (journeyman DgAl)
 29059 | Swamp:3  | Identified the +1 war axe "Kusiuzo" {heavy, rElec rPois}
 29560 | Swamp:4  | Entered Level 4 of the Swamp
 29573 | Swamp:4  | Noticed Mara
 29592 | Swamp:4  | Killed Mara
 29684 | Swamp:4  | Noticed a thorn hunter
 29689 | Swamp:4  | Killed a thorn hunter
 29717 | Swamp:4  | Noticed a thorn hunter
 29778 | Swamp:4  | Killed a thorn hunter
 29881 | Swamp:4  | Noticed a tentacled monstrosity
 29884 | Swamp:4  | Offered knowledge of Bombard by Vehumet.
 29893 | Swamp:4  | Killed a tentacled monstrosity
 29905 | Swamp:4  | Learned a level 6 spell: Bombard
 29997 | Swamp:4  | Reached XP level 17. HP: 120/120 MP: 34/42
 30703 | Swamp:4  | Got a decaying rune of Zot
 30996 | Snake:1  | Entered Level 1 of the Snake Pit
 31041 | Snake:1  | Identified the +0 war axe of the Five Xenophobes {flame,
                  | Will++}
 31058 | Snake:1  | Acquired a book of Ice
 31662 | Snake:1  | Learned a level 5 spell: Irradiate
 31741 | Snake:2  | Found a glacial archway.
 31751 | Snake:2  | Noticed Donald
 31756 | Snake:2  | Killed Donald
 31823 | Snake:2  | Reached ****** piety under Vehumet
 31847 | Snake:2  | Found a flickering gateway to a bazaar.
 31851 | Snake:2  | Offered knowledge of Lee's Rapid Deconstruction by Vehumet.
 31859 | Bazaar   | Entered a bazaar
 31859 | Bazaar   | Found Kuocvef's General Store.
 31859 | Bazaar   | Found Onimoj's Distillery.
 31860 | Bazaar   | Found Miffiorhai's Jewellery Shoppe.
 31862 | Bazaar   | Found Veesmel's Distillery.
 31881 | Bazaar   | Bought a scroll of revelation for 67 gold pieces
 31881 | Bazaar   | Bought a scroll of amnesia for 36 gold pieces
 31895 | Bazaar   | Bought a potion of curing for 39 gold pieces
 31895 | Bazaar   | Bought a potion of curing for 39 gold pieces
 31895 | Bazaar   | Bought a potion of magic for 104 gold pieces
 31895 | Bazaar   | Bought a potion of magic for 104 gold pieces
 31899 | Bazaar   | Bought a potion of ambrosia for 144 gold pieces
 31899 | Bazaar   | Bought a potion of magic for 144 gold pieces
 31899 | Bazaar   | Bought a potion of resistance for 180 gold pieces
 31899 | Bazaar   | Bought a potion of curing for 54 gold pieces
 31899 | Bazaar   | Bought a potion of brilliance for 72 gold pieces
 31946 | IceCv    | Entered an ice cave
 32481 | IceCv    | Noticed a golden dragon
 32507 | IceCv    | Reached XP level 18. HP: 118/127 MP: 36/44
 32518 | IceCv    | Killed a golden dragon
 32670 | IceCv    | Identified the ring "Ynod Quil" {Fire *Corrode rPois MP+9
                  | Dex+3}
 32816 | Snake:2  | Noticed Roxanne
 33403 | Snake:2  | Noticed Vashnia
 33987 | Snake:2  | Killed Vashnia
 34221 | Snake:2  | Offered knowledge of Eringya's Noxious Bog by Vehumet.
 34312 | Snake:2  | Found a blossoming altar of Fedhas.
 34590 | Snake:3  | Noticed Jorgrun
 34666 | Snake:3  | Killed Jorgrun
 34909 | Snake:3  | Noticed Saint Roka
 34920 | Snake:3  | Killed Saint Roka
 35694 | Snake:4  | Entered Level 4 of the Snake Pit
 35774 | Snake:4  | Found Asarymn's Magic Scroll Shop.
 35836 | Snake:4  | Bought a scroll of fog for 56 gold pieces
 35836 | Snake:4  | Bought a scroll of teleportation for 42 gold pieces
 35836 | Snake:4  | Bought a scroll of teleportation for 42 gold pieces
 35836 | Snake:4  | Bought a scroll of teleportation for 42 gold pieces
 36108 | Snake:4  | Reached skill level 15 in Dodging
 36573 | Snake:4  | Noticed a quicksilver dragon
 36576 | Snake:4  | Killed a quicksilver dragon
 36906 | Snake:4  | Got a serpentine rune of Zot
 37144 | Vaults:1 | Entered Level 1 of the Vaults
 37185 | Vaults:1 | Found a crumbling gateway.
 37225 | Desolati | Entered the Desolation of Salt
 37235 | Desolati | Offered knowledge of Maxwell's Capacitive Coupling by
                  | Vehumet.
 37238 | Desolati | Reached XP level 19. HP: 107/134 MP: 29/46
 37535 | Desolati | Identified the ring of Jeleduas {rF+ rCorr}
 37543 | Desolati | Identified the ring of Qaseeras {^Contam rElec rPois rN+++}
 37611 | Desolati | Got the Papyrus of Polluted Geology
 37618 | Desolati | Got the Tome of Combat Magic
 37966 | Desolati | Got the Discursus on Carcasses
 38032 | Desolati | Identified the +7 trident of the Unspeakable One {flame,
                  | rF+}
 38380 | Desolati | Reached skill level 15 in Ice Magic
 38430 | Desolati | Identified the ring of Fahyaciz {rN+ SInv}
 38647 | Vaults:1 | Reached skill level 10 in Earth Magic
 39085 | Vaults:1 | Reached skill level 10 in Fighting
 39145 | Vaults:1 | Identified the +4 robe "Xuvvad" {Dex+6}
 39145 | Vaults:1 | Noticed Boris
 39155 | Vaults:1 | Killed Boris
 40179 | Vaults:1 | Offered knowledge of Fire Storm by Vehumet.
 40179 | Vaults:1 | Offered knowledge of Shatter by Vehumet.
 40179 | Vaults:1 | Offered knowledge of Chain Lightning by Vehumet.
 40190 | Vaults:1 | Learned a level 9 spell: Polar Vortex
 40347 | Vaults:2 | Reached XP level 20. HP: 77/151 MP: 30/48
 40774 | Vaults:2 | Found a staircase to the Crypt.
 40774 | Vaults:2 | Found a basalt altar of Yredelemnul.
 40775 | Vaults:2 | Found an ancient bone altar of Kikubaaqudgha.
 42524 | Vaults:3 | Noticed a dread lich
 42780 | Vaults:3 | Killed a dread lich
 42857 | Vaults:3 | HP: 2/156 [dire elephant (8)]
 44206 | Vaults:4 | Reached XP level 21. HP: 164/164 MP: 39/49
 46389 | Elf:1    | Entered Level 1 of the Elven Halls
 46483 | Elf:1    | Reached skill level 15 in Fighting
 46734 | Elf:1    | Found a magical portal.
 46743 | WizLab   | Entered Lehudib's Moon Base
 46818 | WizLab   | Found a transporter.
 46819 | WizLab   | Found the crystal ball of Wucad Mu {*channel}
 48033 | WizLab   | Identified the +0 helmet of the Centaur {rC+ rN+}
 48336 | WizLab   | Found a transporter.
 48636 | WizLab   | Identified the +7 flail of Mowearhevie {flame, rN+}
 48637 | WizLab   | Identified the amulet "Sono" {^Fragile Regen+ Str+2 Int+4}
 48806 | Elf:1    | Reached XP level 22. HP: 177/177 MP: 38/50
 48995 | Elf:1    | Found a shimmering blue altar of Sif Muna.
 49811 | Elf:2    | Paralysed by an air elemental for 1 turns
 49987 | Elf:2    | Found a runed translucent gate.
 49988 | Elf:2    | Found a runed translucent gate.
 49988 | Elf:2    | Found a runed translucent gate.
 50062 | Elf:3    | Entered Level 3 of the Elven Halls
 50859 | Elf:3    | Identified the +6 glaive "Murmur" {freeze, rElec rCorr}
 50859 | Elf:3    | Identified the ring of Sif Muna's Favour {+Blink Fly rF+}
 50863 | Elf:3    | Identified the +1 great sword of Hatred {flame, Will+
                  | Int+4}
 51104 | Elf:3    | Found the +3 Mad Mage's Maulers {Infuse+∞ VampMP -Cast}
 51111 | Elf:3    | Identified the -2 pair of gloves "Isethuy" {Int+3}
 51127 | Elf:3    | Identified the +10 arbalest "Pegafoif" {freeze, rElec rCorr
                  | Int+4}
 51134 | Elf:3    | Identified the +3 leather armour "Toxkohoe" {rN+ Str+2
                  | Stlth+}
 51143 | Elf:3    | Got the Compilation of Sidekicks and the Hornet
 51144 | Elf:3    | Identified the +0 longbow "Kaiq" {flame, rC++ Will++
                  | Stlth+}
 51150 | Elf:3    | Identified the +5 long sword "Noinitet" {drain, rN+ SInv}
 51153 | Elf:3    | Identified the +5 shortbow of Mastery {flame, rElec Dex+3}
 51157 | Elf:3    | Identified the +4 war axe of Kismet {pain, Will+ Str+4}
 51229 | Elf:3    | Identified the +1 chain mail "Gizoypid" {Regen+ Stlth+}
 51659 | Swamp:2  | Killed dogverified's ghost
 51660 | Swamp:2  | Killed jamsaran's ghost
 51661 | Swamp:2  | Killed hikkokomori's ghost
 52041 | Vaults:1 | Learned a level 9 spell: Shatter
 52046 | Vaults:1 | Learned a level 4 spell: Iskenderun's Mystic Blast
 52308 | Slime:1  | Entered Level 1 of the Pits of Slime
 52420 | Slime:5  | Entered Level 5 of the Pits of Slime
 52593 | Slime:5  | Found a viscous altar of Jiyva.
 52595 | Slime:5  | Noticed the Royal Jelly
 52598 | Slime:5  | Reached XP level 23. HP: 164/189 MP: 51/51
 52630 | Slime:5  | Killed the Royal Jelly
 52670 | Slime:5  | Reached skill level 15 in Earth Magic
 52984 | Slime:5  | Identified the amulet of Devveg {rElec rN+ RegenMP+ Int-5}
 53025 | Slime:5  | Identified the ring "Mokoek" {rC+ Str+6}
 53031 | Slime:5  | Got a slimy rune of Zot
 53035 | Slime:5  | Got Dispater's Guide on the Familiar
 53039 | Slime:5  | Got the Compendium of Stygian Glaciation
 53074 | Slime:5  | Identified the ring "Baskeypni" {rF+ Str+4 Int+2 Dex-4}
 53095 | Slime:5  | Identified the ring of Gozag, Cursing {Fire ^Contam rElec
                  | rCorr Str+3}
 53174 | Slime:1  | Paralysed by a formless jellyfish for 1 turns
 53247 | D:11     | Learned a level 2 spell: Blink
 53357 | Depths:1 | Entered Level 1 of the Depths
 53379 | Depths:1 | Found Oduj's Assorted Antiques.
 53628 | Depths:1 | Bought a runed hat for 217 gold pieces
 53651 | Depths:1 | Found Goomeh's Jewellery Shoppe.
 53653 | Depths:1 | Found Heixopp's Book Shop.
 53653 | Depths:1 | Found Roegetaw's Book Shop.
 53685 | Depths:1 | Found Yzyf's Weapon Shop.
 53781 | Depths:1 | Noticed a caustic shrike
 53786 | Depths:1 | Noticed a caustic shrike
 53787 | Depths:1 | Noticed a caustic shrike
 53788 | Depths:1 | Killed a caustic shrike
 53791 | Depths:1 | Killed a caustic shrike
 53797 | Depths:1 | Killed a caustic shrike
 53819 | Depths:1 | Noticed a caustic shrike
 53824 | Depths:1 | Killed a caustic shrike
 54150 | Depths:1 | Found a gateway to Hell.
 54182 | Depths:1 | Found an iron altar of Okawaru.
 54452 | Depths:2 | Noticed a dread lich
 54457 | Depths:2 | Killed a dread lich
 54878 | Depths:2 | Noticed Vv
 54894 | Depths:2 | Killed Vv
 55412 | Depths:2 | Reached XP level 24. HP: 174/202 MP: 35/51
 55716 | Depths:2 | Found a white marble altar of Elyvilon.
 55930 | Depths:2 | Found a one-way gate leading to the halls of Pandemonium.
 57000 | Depths:3 | Found a one-way gate to the infinite horrors of the Abyss.
 57090 | Depths:3 | Noticed a caustic shrike
 57102 | Depths:3 | Killed a caustic shrike
 57698 | Depths:3 | Found a runed translucent door.
 57822 | Depths:3 | Found a radiant altar of Vehumet.
 57823 | Depths:3 | Noticed an ancient lich
 58276 | Depths:3 | Found the +0 cloak of the Thief {Quiet Slay-3 SInv Stlth+}
 58424 | Depths:3 | Killed an ancient lich
 58479 | Depths:3 | Learned a level 1 spell: Apportation
 58535 | Depths:4 | Entered Level 4 of the Depths
 58535 | Depths:4 | Identified the +3 robe "Ymiont" {Will+}
 58535 | Depths:4 | Noticed Boris
 58543 | Depths:4 | Killed Boris
 58543 | Depths:4 | Noticed a juggernaut
 58550 | Depths:4 | Killed a juggernaut
 59032 | Depths:4 | Found a gate to the Realm of Zot.
 59234 | Depths:4 | Reached XP level 25. HP: 186/213 MP: 36/51
 59376 | Depths:4 | Found a one-way gateway to a ziggurat.
 59617 | Depths:4 | Noticed a juggernaut
 59627 | Depths:4 | Killed a juggernaut
 59833 | Depths:4 | Found a broken altar of Ashenzari.
 60149 | Depths:4 | Learned a level 5 spell: Borgnjor's Vile Clutch
 60191 | Zot:1    | Entered Level 1 of the Realm of Zot
 61484 | Zot:2    | Found a transporter.
 61488 | Zot:2    | Found a transporter.
 61546 | Zot:2    | Found a transporter.
 62030 | Zot:2    | Found a transporter.
 62339 | Zot:2    | Found a shimmering blue altar of Sif Muna.
 62375 | Zot:2    | Learned a level 8 spell: Lehudib's Crystal Spear
 63468 | Zot:3    | Noticed Grunn
 63472 | Zot:3    | Killed Grunn
 63899 | Zot:3    | Noticed an orb of fire
 63907 | Zot:3    | Killed an orb of fire
 64125 | Zot:3    | Reached XP level 26. HP: 211/222 MP: 48/51
 64410 | Zot:3    | Identified the +9 war axe of Tenos {freeze, Dex+3}
 65102 | Zot:4    | Identified the ring "Umnawemp" {rN+ Str+3}
 65325 | Zot:4    | Noticed an orb of fire
 65329 | Zot:4    | Noticed an orb of fire
 65329 | Zot:4    | Gained mutation: You occasionally lose the ability to read
                  | scrolls when taking damage. [an orb of fire]
 65331 | Zot:4    | Gained mutation: You have large cloven feet. [an orb of
                  | fire]
 65332 | Zot:4    | Killed an orb of fire
 65339 | Zot:4    | Gained mutation: You are frail. (-10% HP) [an orb of fire]
 65340 | Zot:4    | Gained mutation: You are dopey. (Int -2) [an orb of fire]
 65341 | Zot:4    | Killed an orb of fire
 66083 | Zot:4    | Lost mutation: You are frail. (-10% HP) [potion of
                  | mutation]
 66083 | Zot:4    | Lost mutation: You occasionally lose the ability to read
                  | scrolls when taking damage. [potion of mutation]
 66083 | Zot:4    | Lost mutation: You are dopey. (Int -2) [potion of mutation]
 66083 | Zot:4    | Gained mutation: You expend magic power (3 MP) to
                  | strengthen your wands. [potion of mutation]
 66083 | Zot:4    | Gained mutation: You are dopey. (Int -2) [potion of
                  | mutation]
 66134 | Zot:5    | Entered Level 5 of the Realm of Zot
 66220 | Zot:4    | Acquired a staff of cold
 66492 | Pan      | Entered Pandemonium
 66546 | Pan      | Noticed Jiko Raa the pandemonium lord
 66558 | Pan      | Killed Jiko Raa the pandemonium lord
 66565 | Pan      | HP: 10/222 [demonspawn warmonger/+0 demon trident of venom
                  | (4)]
 66574 | Pan      | Shot with a bolt by a demonspawn warmonger

Illustrated notes

Levels and vault maps discovered:
D:1:      minmay_arrival_four_circles, layout_loops_ring
D:2:      layout_basic, basic_altar
D:3:      layout_loops_ring, mainiacjoe_overflow_boulevard,
          mainiacjoe_sewer_entry_somewhere_in_here_1
D:4:      minmay_clustersquares, layout_basic, lemuel_doored_altar,
          yredelemnul_forgotten_temple_becter, minmay_temple_entry_sparse_star,
          nicolae_goblin_pals, uniq_natasha, uniq_menkaure, uniq_edmund
D:5:      layout_loops_corners, mainiacjoe_overflow_alcove_2,
          mainiacjoe_overflow_brackets, st_stairs_8, chequers_mini_garden,
          hangedman_decor_slide_cut
D:6:      layout_basic, mainiacjoe_overflow_small_starburst
D:7:      layout_basic, minmay_misc_feat_columns
D:8:      minmay_opposing_rooms, layout_rooms
D:9:      layout_small_grid, david_orc_2, uniq_erolcha
D:10:     layout_roguey [special_room_bee], mainiacjoe_overflow_cross_hatched
D:11:     layout_cave_pods, david_lair_shrubbed, uniq_sonja
D:12:     layout_basic, uniq_lodul, uniq_frances
D:13:     layout_rooms
D:14:     layout_roguey, hellmonk_vaults_order_and_chaos, serial_shops,
          nicolae_shop_crystal, chequers_serial_rivers_small_3,
          nicolae_shop_overcharged_wands
D:15:     grunt_enter_depths_hoard, layout_irregular_city,
          nicolae_tso_carved_into_rock, minmay_diced_spiral
Temple:   regret_index_temple_waves
Lair:1:   layout_layer_cave, uniq_jeremiah, uniq_nergalle
Lair:2:   layout_chaotic_city, guppyfry_snake_entry_garden,
          cheibrodos_lair_lostbears, lemuel_fruit_fields, lemuel_fruit_tree
Lair:3:   layout_cave_shapes, mainiacjoe_swamp_entry_angry_trees,
          beast_lair_carwin_9
Lair:4:   layout_long_grid, slime_entry_1, grunt_megastairs_1
Lair:5:   grunt_lair_end_beastmaster, layout_regular_city, minmay_hedge_maze
Swamp:1:  layout_basic_swamp, evilmike_swamp_ruin_wall, swamp_pool_1_2,
          nicolae_swamp_snake_nest, uniq_nikola
Swamp:2:  layout_falls_marsh, gammafunk_ghost_cemetery, nicolae_swamp_oxbows,
          swamp_pool_1_2
Swamp:3:  layout_basic_swamp, evilmike_swamp_ruin_rubble_1
Swamp:4:  swamp, layout_basic_swamp, swamp_pool_5, beargit_elvish_explorers,
          uniq_mara
Snake:1:  layout_misc_corridors
Snake:2:  layout_basic, basic_altar, serial_shops, bzr_entry_water,
          portal_ice_cave_entry_ugly_swarm,
          serial_library_hellmonk_angled_corner, uniq_roxanne, uniq_aizul,
          uniq_vashnia, uniq_donald
Snake:3:  layout_basic, serial_bayou_shore_b, uniq_saint_roka, uniq_jorgrun
Snake:4:  hellmonk_snake_rune_quicksilver_temple, layout_onion_interference,
          serial_shops, shop
Slime:1:  layout_caves
Slime:2:  layout_caves
Slime:3:  layout_caves
Slime:4:  layout_caves
Slime:5:  slime_pit_nicolae_block_by_block
Orc:1:    layout_caves, nicolae_specific_store
Orc:2:    st_orc_rangers, layout_diamond_mine, basic_altar
Elf:1:    eino_elf_arrival_customs, layout_geoelf_diagonals, mu_enter_wizlab_4,
          basic_altar, guppyfry_library_mini
Elf:2:    elven_hall_of_blades_hangedman_original [nicolae_blade_tridents],
          layout_geoelf_octagon, uniq_norris, uniq_agnes
Elf:3:    elf_hall, layout_loops_cross
Vaults:1: portal_desolation_entry_twin_temple, v_misc_17,
          nicolae_vaults_rhombus_7, nicolae_vaults_tetromino_Z_2,
          nicolae_vaults_layer_cake_slice, vaults_dpeg_hooks,
          nicolae_vaults_twisting_passages, vaults_room_grid,
          nicolae_vaults_tangram_1, hangedman_vaults_trim, v_misc_23,
          hangedman_vaults_maws, nicolae_vaults_closet_pinwheel_1,
          layout_vaults_omnicross, uniq_boris
Vaults:2: minmay_crypt_entry_necro_gods, ontoclasm_vaults_loading_screen,
          vaults_room_pools, nicolae_vaults_more_shelving_2, vaults_mumra_lcd,
          nicolae_vaults_meeting, v_alt_pattern_3,
          hangedman_vaults_corner_blocks, vaults_dpeg_diagonal,
          nicolae_vaults_stepped_doors, v_misc_17, nicolae_vaults_network_s,
          vaults_room_corners, nicolae_vaults_tangram_2,
          vaults_room_grunt_arrival_ludios, nicolae_vaults_double_plus_1,
          nicolae_vaults_oval_intersection, nicolae_vaults_storage_room_doors,
          layout_vaults_ring
Vaults:3: vaults_room_corners, nicolae_vaults_little_squares_1,
          nicolae_vaults_quartermaster, nicolae_vaults_octothorpe,
          ontoclasm_vaults_decontamination, nicolae_vaults_little_squares_5,
          nicolae_vaults_surprise_closet, layout_vaults_quadrants
Vaults:4: vaults_dpeg_cross, nicolae_vaults_thirteen_compartments,
          hangedman_vaults_restitches, nicolae_vaults_network_quinsquares
          [nicolae_vaults_network_quincunx_subvault,
          nicolae_vaults_network_quincunx_subvault,
          nicolae_vaults_network_quincunx_subvault,
          nicolae_vaults_network_quincunx_subvault],
          nicolae_vaults_network_periphery, nicolae_vaults_stairing_the_circle,
          v_pattern_4, hangedman_vaults_restitches, nicolae_vaults_theta,
          vaults_dpeg_doors, vaults_dpeg_ring, nicolae_vaults_tetromino_T_1,
          nicolae_vaults_shelves_hall, layout_vaults_omnibox
Depths:1: layout_cross, minmay_misc_feat_diagonals, serial_shops,
          nicolae_shop_bloodbath_and_beyond, shop, hell_entry,
          nicolae_kite_square_tiling_tiny, kennysheep_okawaru_gauntlet,
          minmay_shop_grove
Depths:2: bobbens_index_wilting_gardens, layout_gridville,
          rand_demon_pan_entry_9, nicolae_elyvilon_peaceful_grove, hell_entry,
          moated_statue, hangedman_decor_push,
          serial_library_hellmonk_metal_room, uniq_vv
Depths:3: evilmike_lava_path, layout_long_grid, hangedman_coc_ice_floe,
          abyss_entry, hangedman_abyss_or_decor_stabs,
          hangedman_decor_clover_reticule, wad_floor_pattern_untrapped,
          grunt_absolute_annihilation, infiniplex_staircase_split_hallway
Depths:4: grunt_crosshair, layout_gridville, enter_ziggurat_a,
          evilmike_ruin_ashenzari, hell_entry, serial_bayou_shore_b
Zot:1:    layout_onion_interference, regret_index_zotdec_misc_clamp,
          regret_index_zotdec_twisting_globes
Zot:2:    layout_gridlike, regret_index_zotdec_magical_s,
          nicolae_transporter_circle, lemuel_elevator
Zot:3:    layout_gridlike, bh_zot_ikea_curve, st_stairs_6, grunt_ministairs_2,
          regret_index_zotdec_serpentine_scales, hangedman_zot_gyre,
          st_large_dragon_hoard_2, uniq_grunn
Zot:4:    kennysheep_oblong_rooms, layout_gridlike
Zot:5:    layout_twisted_circle, grunt_ministairs_13
Pan:      evilmike_mini_pan_corridor, layout_basic

Skill      XL: |  1  2  3  4  5  6  7  8  9 10 11 12 13 14 15 16 17 18 19 20 21 22 23 24 25 26 |
---------------+-------------------------------------------------------------------------------+-----
Conjurations   | 2 3 4 5 6 7 8 9 11 12 | 12.0
Spellcasting   | 3 4 8 9 11 13 15 17 18 19 21 22 23 24 | 24.0
Earth Magic    | 4 5 6 9 10 11 14 16 18 21 22 | 22.5
Air Magic      | 3 5 |  5.0
Alchemy        | 3 5 |  5.0
Fighting       | 7 8 11 13 15 17 19 20 21 | 21.0
Ice Magic      | 2 6 9 11 13 14 18 22 24 | 24.0
Dodging        | 3 6 9 11 12 14 15 17 18 20 21 | 21.0
Stealth        | |  1.7

Action                     |  1- 3 |  4- 6 |  7- 9 | 10-12 | 13-15 | 16-18 | 19-21 | 22-24 | 25-27 || total
---------------------------+-------+-------+-------+-------+-------+-------+-------+-------+-------++-------
  Melee: Unarmed           |     9 |       |       |       |       |       |       |       |       ||     9
         Short sword       |    14 |     1 |    34 |       |       |       |       |       |       ||    49
         Dagger            |       |       |     9 |    76 |       |       |       |       |       ||    85
         Staff             |       |       |       |     1 |     4 |       |       |       |     2 ||     7
         War axe           |       |       |       |       |       |     3 |    10 |     3 |     2 ||    18
   Cast: Sandblast         |    47 |    92 |     9 |    12 |       |       |       |       |       ||   160
         Stone Arrow       |       |     5 |   141 |   268 |   595 |   110 |       |       |       ||  1119
         Mephitic Cloud    |       |       |       |    18 |     8 |       |       |       |       ||    26
         Passwall          |       |       |       |     1 |       |       |       |       |       ||     1
         Freezing Cloud    |       |       |       |     7 |    43 |     5 |       |       |       ||    55
         Ozocubu's Refrige |       |       |       |       |    22 |   365 |   358 |   315 |    52 ||  1112
         Permafrost Erupti |       |       |       |       |     2 |    29 |    74 |    45 |    10 ||   160
         Bombard           |       |       |       |       |       |    76 |   233 |   249 |   156 ||   714
         Irradiate         |       |       |       |       |       |     8 |    27 |    43 |    21 ||    99
         Polar Vortex      |       |       |       |       |       |       |     8 |    29 |    13 ||    50
         Iskenderun's Myst |       |       |       |       |       |       |       |     1 |       ||     1
         Lehudib's Crystal |       |       |       |       |       |       |       |       |   170 ||   170
         Shatter           |       |       |       |       |       |       |       |       |     5 ||     5
         Apportation       |       |       |       |       |       |       |       |       |     1 ||     1
         Borgnjor's Vile C |       |       |       |       |       |       |       |       |     1 ||     1
Ability: Hop               |     1 |     1 |     1 |     3 |     5 |     4 |     4 |     5 |     5 ||    29
  Evoke: Wand              |       |       |     2 |       |       |     2 |       |       |       ||     4
         Lightning rod     |       |       |       |     5 |     2 |     7 |       |       |       ||    14
         Phial of floods   |       |       |       |       |     1 |       |       |       |       ||     1
         Condenser vane    |       |       |       |       |       |     1 |       |       |     1 ||     2
    Use: Potion            |       |     4 |       |     3 |     1 |     2 |     2 |     5 |    10 ||    27
         Scroll            |       |       |       |    22 |     6 |     3 |     4 |     2 |    11 ||    48
   Stab: Confused          |       |       |       |     5 |       |       |       |       |       ||     5
 Armour: Robe              |    21 |    37 |       |       |    84 |   132 |   182 |   246 |   214 ||   916
         Troll leather arm |       |    14 |    46 |   141 |   131 |       |       |       |       ||   332
         Ring mail         |       |       |     1 |       |       |       |       |       |       ||     1
  Dodge: Dodged            |    26 |    26 |    49 |   116 |   195 |    76 |   170 |   183 |   201 ||  1042
  Block: Other             |       |       |    12 |    41 |       |       |       |       |       ||    53
         Reflection        |       |       |       |     3 |       |       |       |       |       ||     3

Table legend: (Time is in decaauts)
 A = Elapsed time spent in this place.
 B = Non-inter-level travel time spent in this place.
 C = Inter-level travel time spent in this place.
 D = Time resting spent in this place.
 E = Time spent auto-exploring this place.
 F = Levels seen in this place.
 G = Mean time per level.
                   A        B        C        D        E       F      G
               +--------+--------+--------+--------+--------+-----+--------+
         Total |  73233 |  68461 |   4772 |   1148 |  56325 |  58 | 1262.6 |
       Dungeon |  20296 |  18577 |   1719 |    315 |  15647 |  15 | 1353.1 |
        Temple |     31 |      3 |     28 |      0 |      0 |   1 |   31.0 |
          Lair |   8520 |   7808 |    712 |      0 |   6797 |   5 | 1704.0 |
         Swamp |   4468 |   4125 |    343 |     40 |   3388 |   4 | 1117.0 |
     Snake Pit |   5681 |   5430 |    251 |    496 |   4106 |   4 | 1420.2 |
    Slime Pits |    920 |    856 |     64 |     23 |    396 |   5 |  184.0 |
  Orcish Mines |   1987 |   1920 |     67 |     35 |   1523 |   2 |  993.5 |
   Elven Halls |   3448 |   3167 |    281 |      0 |   2638 |   3 | 1149.3 |
        Vaults |   8657 |   8080 |    577 |     10 |   7025 |   4 | 2164.2 |
        Depths |   7592 |   7179 |    413 |     30 |   6014 |   4 | 1898.0 |
           Zot |   6717 |   6404 |    313 |    151 |   5279 |   5 | 1343.4 |
   Pandemonium |     89 |     89 |      0 |      0 |     29 |   1 |   89.0 |
        Bazaar |     58 |     58 |      0 |      0 |      0 |   1 |   58.0 |
         Sewer |    294 |    294 |      0 |     47 |    158 |   1 |  294.0 |
      Ice Cave |    879 |    879 |      0 |      0 |    606 |   1 |  879.0 |
        Wizlab |   2120 |   2120 |      0 |      0 |   1647 |   1 | 2120.0 |
    Desolation |   1467 |   1467 |      0 |      0 |   1066 |   1 | 1467.0 |
               +--------+--------+--------+--------+--------+-----+--------+

Top non-repeatable levels by time:
Depths:2: 2573 daAuts
  Lair:5: 2363 daAuts
Vaults:2: 2305 daAuts
   Zot:3: 2296 daAuts
Vaults:1: 2285 daAuts
Vaults:4: 2168 daAuts
Depths:3: 2158 daAuts
  WizLab: 2120 daAuts
     D:4: 2047 daAuts
Vaults:3: 1898 daAuts
Depths:4: 1869 daAuts
  Lair:1: 1836 daAuts
 Snake:2: 1772 daAuts
    D:11: 1763 daAuts
  Lair:2: 1681 daAuts
